 Dungeon Crawl Stone Soup version 0.19.1 (webtiles) character file.

1267 Nefaurd the Insei (level 8, -7/66 HPs)
             Began as a Purple Draconian Monk on Dec 8, 2016.
             Was an Elder of Nemelex Xobeh.
             Mangled by a red devil
             ... wielding a +2 vampiric trident
             ... summoned by the player character
              (8 damage)
             ... on level 6 of the Dungeon.
             The game lasted 00:34:27 (5804 turns).

Nefaurd the Insei (Purple Draconian Monk)           Turns: 5804, Time: 00:34:28

Health: -7/66      AC:  6    Str: 13    XL:     8   Next: 27%
Magic:  10/10      EV: 15    Int: 10    God:    Nemelex Xobeh [****..]
Gold:   293        SH:  0    Dex: 17    Spells: 0 memorised, 7 levels left

rFire  . . .     SeeInvis +       - Unarmed
rCold  . . .     Gourm    .     (armour unavailable)
rNeg   . . .     Faith    +     (no shield)
rPois  .         Spirit   .     (helmet restricted)
rElec  .         Reflect  .     (no cloak)
rCorr  .         Harm     .     (no gloves)
MR     +....                    (no boots)
Stlth  +++.......               h - amulet of faith
                                (no ring)
                                w - ring of see invisible

@: no status effects
A: breathe power, unfitting armour, cold-blooded, AC +6
a: Breathe Dispelling Energy, Triple Draw, Deal Four, Renounce Religion


You were on level 6 of the Dungeon.
You worshipped Nemelex Xobeh.
Nemelex Xobeh was greatly pleased with you.
You were not hungry.

You visited 1 branch of the dungeon, and saw 6 of its levels.

You collected 293 gold pieces.

Inventory:

Hand Weapons
 n - a +0 scythe
 t - a +0 whip
Jewellery
 h - an amulet of faith (around neck)
 j - an uncursed ring of protection from cold {unknown}
 w - a ring of see invisible (left hand)
Wands
 u - a wand of random effects (38/48)
Scrolls
 a - a scroll of magic mapping {unknown}
 b - 3 scrolls of recharging
 f - 2 scrolls of noise
 q - a scroll of acquirement {unknown}
 B - a scroll of teleportation {unknown}
Potions
 c - a potion of might
 d - a potion of invisibility {unknown}
 e - a potion of cure mutation {unknown}
 g - a potion of lignification {unknown}
 i - 2 potions of curing {unknown}
 k - a potion of resistance {unknown}
 o - a potion of magic {unknown}
 z - a potion of agility {unknown}
Miscellaneous
 p - an ornate deck of destruction {drawn: 5}
 s - a plain deck of summoning
 v - a legendary deck of destruction {drawn: 3}
 y - a plain deck of destruction {drawn: 1}
Comestibles
 l - 2 meat rations
 m - a fruit
 x - 2 bread rations


   Skills:
 - Level 4.2 Fighting
 + Level 4.6 Dodging
 + Level 5.6 Stealth
 - Level 5.6 Unarmed Combat
 * Level 3.4 Invocations
 * Level 3.7 Evocations


You had 7 spell levels left.
You didn't know any spells.

Dungeon Overview and Level Annotations

Branches:
Dungeon (6/15)             Temple (0/1) D:6

Altars:
Dithmenos
Kikubaaqudgha
Nemelex Xobeh
Qazlal
Ru
Uskayaw
Vehumet


Innate Abilities, Weirdness & Mutations

You can breathe bolts of dispelling energy.
Your rich purple scales are hard. (AC +6)
You cannot fit into any form of body armour.
You are cold-blooded and may be slowed by cold attacks.


Message History

The red devil draws strength from your wounds!
The red devil hops backward while attacking.
The red devil closely misses you.
The red devil hops backward while attacking.
The red devil hits you from afar with a vampiric trident!
* * * LOW HITPOINT WARNING * * *
The red devil draws strength from your wounds!
The red devil closely misses you.
Press: ? - help, v - describe, . - travel
Here: a red devil, wielding a vampiric trident (heavily wounded, summoned)
The floor.
Evoke which item? (* to show all) (? for menu, Esc to quit)
You draw a card...
It is Pain.
You have drawn Pain.
The crimson imp hits you but does no damage.
The red devil closely misses you.
As you read the scroll of fog, it crumbles to dust.
The scroll dissolves into smoke.
The crimson imp barely misses you.
The red devil hits you from afar with a vampiric trident!
You die...
Your body glows with a rainbow of weird colours and disappears.

###...#.....#..
#.....#.....#..
#...........#..
#..###......#.. #..#
#.....†#..
++########..###......#..
........§§....#......#.#
#....4§§5##...#......#.
#....W§@§##...#.........
......§§§##.............
........§##.............
.........##.............
...=.....##...#######...
........###...# #..
........# #...# .#
........# #...# #####


You could see a red devil, a crimson imp and a friendly flayed ghost.

Vanquished Creatures
  Sigmund (D:3)
  2 centaurs (D:5)
  An ogre (D:5)
  A scorpion (D:4)
  2 vampire bats (D:2)
  A bullfrog skeleton (D:6)
  An orc wizard (D:4)
  4 worker ants
  3 adders
  An ooze (D:3)
  2 worms (D:2)
  4 dart slugs
  5 leopard geckos
  3 orcs
  6 bat skeletons (D:2)
  4 giant cockroaches
  11 goblins
  14 hobgoblins
  8 jackals
  8 kobolds
  A quokka (D:4)
  A ball python (D:4)
  3 bats
  4 frilled lizards
  A giant cockroach zombie (D:5)
  A leopard gecko skeleton (D:4)
  8 rats
101 creatures vanquished.

Vanquished Creatures (collateral kills)
  The ghost of Zeloya the Caller, an amateur KoSu of Cheibriados (D:4)
  An ice beast (D:5)
  A phantom (D:3)
  A bullfrog (D:6)
  A scorpion (D:4)
  The ghost of Nefaurd the Ruffian, a weakling DrTm (D:3)
  2 crimson imps
  3 hounds
  3 orc wizards
  2 orc priests (D:4)
  An iguana (D:4)
  3 worker ants
  A worker ant zombie (D:5)
  3 gnolls (D:4)
  A dart slug (D:4)
  6 orcs
  2 giant cockroaches
  A hobgoblin (D:3)
  4 jackals (D:4)
  A quokka (D:5)
  A frilled lizard (D:4)
40 creatures vanquished.

Vanquished Creatures (others)
  A ball lightning (D:3)
1 creature vanquished.

Grand Total: 142 creatures vanquished

Notes
Turn   | Place    | Note
-------+----------+-------------------------------------------
     0 | D:1      | Nefaurd the Draconian Monk began the quest for the Orb.
     0 | D:1      | Reached XP level 1. HP: 19/19 MP: 1/1
  1044 | D:1      | Reached XP level 2. HP: 26/26 MP: 2/2
  1302 | D:1      | Reached XP level 3. HP: 29/33 MP: 3/3
  2376 | D:2      | Reached XP level 4. HP: 38/40 MP: 4/4
  2378 | D:2      | Found an ancient bone altar of Kikubaaqudgha.
  2398 | D:2      | Reached XP level 5. HP: 39/46 MP: 5/5
  2792 | D:3      | Noticed Sigmund
  2836 | D:3      | Killed Sigmund
  2836 | D:3      | Reached skill level 5 in Unarmed Combat
  2836 | D:3      | Reached XP level 6. HP: 5/52 MP: 6/6
  3102 | D:3      | Found a sparkling altar of Nemelex Xobeh.
  3125 | D:3      | Became a worshipper of Nemelex Xobeh the Trickster
  3125 | D:3      | Received a gift from Nemelex Xobeh
  3125 | D:3      | Reached * piety under Nemelex Xobeh
  3125 | D:3      | Received a gift from Nemelex Xobeh
  3125 | D:3      | Received a gift from Nemelex Xobeh
  3125 | D:3      | Reached ** piety under Nemelex Xobeh
  3194 | D:3      | Received a gift from Nemelex Xobeh
  3215 | D:3      | Noticed Nefaurd's ghost (weakling DrTm)
  3227 | D:3      | Killed Nefaurd's ghost
  3849 | D:3      | Noticed Robin
  3853 | D:3      | Noticed Robin
  3853 | D:3      | Robin changed into Robin the orc
  3857 | D:3      | Killed Robin the orc
  4128 | D:4      | Noticed a wyvern
  4132 | D:4      | Noticed Zeloya's ghost (amateur KoSu)
  4136 | D:4      | Killed Zeloya's ghost
  4301 | D:4      | Received a gift from Nemelex Xobeh
  4315 | D:4      | Your scales start taking on a rich purple colour.
  4315 | D:4      | Reached XP level 7. HP: 43/59 MP: 7/7
  4406 | D:4      | Reached skill level 1 in Invocations
  4574 | D:4      | Reached skill level 1 in Evocations
  4654 | D:4      | Reached *** piety under Nemelex Xobeh
  4763 | D:4      | Found a radiant altar of Vehumet.
  5066 | D:5      | Entered Level 5 of the Dungeon
  5157 | D:5      | Reached skill level 5 in Stealth
  5269 | D:5      | Received a gift from Nemelex Xobeh
  5276 | D:5      | Found a hide-covered altar of Uskayaw.
  5281 | D:5      | Found a stormy altar of Qazlal.
  5281 | D:5      | Found a sacrificial altar of Ru.
  5389 | D:5      | Reached XP level 8. HP: 66/66 MP: 10/10
  5661 | D:6      | Found a shadowy altar of Dithmenos.
  5669 | D:6      | Reached **** piety under Nemelex Xobeh
  5704 | D:6      | Received a gift from Nemelex Xobeh
  5709 | D:6      | Found a staircase to the Ecumenical Temple.
  5785 | D:6      | Noticed a red devil
  5804 | D:6      | Mangled by a red devil

Skill      XL: |  1  2  3  4  5  6  7  8 |
---------------+-------------------------+-----
Stealth        | 2 3 4 5 |  5.6
Fighting       | 4 |  4.2
Dodging        | 3 4 |  4.6
Unarmed Combat | 4 5 |  5.6
Invocations    | 2 3 |  3.4
Evocations     | 3 |  3.7

Action                   |  1- 3 |  4- 6 |  7- 9 || total
-------------------------+-------+-------+-------++-------
Melee: Unarmed           |   170 |   143 |    84 ||   397
       Tailslap          |    27 |    22 |    13 ||    62
       Punch             |     3 |     3 |     2 ||     8
Evoke: Deck              |       |    11 |    20 ||    31
       Wand              |       |     1 |     3 ||     4
  Use: Potion            |     1 |     1 |       ||     2
       Scroll            |       |       |    10 ||    10
 Stab: Sleeping          |     6 |     7 |     6 ||    19
       Distracted        |     1 |       |     1 ||     2
  Eat: Bread ration      |     1 |       |     1 ||     2
       Beef jerky        |       |     1 |       ||     1
       Chunk             |       |     5 |     1 ||     6
Armor: Skin              |    48 |    24 |    21 ||    93
Dodge: Dodged            |   104 |    95 |    68 ||   267
